 Dungeon Crawl Stone Soup version 0.19-a0-1653-g922d709 (webtiles) character file.

9 Sixotanaka the Caller (level 2, 0/19 HPs)
             Began as a Vampire Summoner on Sept 19, 2016.
             Shot with a stone by a goblin (3 damage)
             ... on level 1 of the Dungeon.
             The game lasted 00:01:18 (374 turns).

Sixotanaka the Caller (Vampire Summoner)             Turns: 374, Time: 00:01:18

Health: 0/19       AC:  2    Str:  7    XL:     2   Next: 3%
Magic:  0/5        EV: 12    Int: 17    God:
Gold:   13         SH:  0    Dex: 14    Spells: 1 memorised, 4 levels left

rFire  . . .     SeeInvis +     d - +0 club
rCold  . . .     Gourm    .     a - +0 robe
rNeg   + . .     Faith    .     (no shield)
rPois  .         Spirit   .     (no helmet)
rElec  .         Dismiss  .     (no cloak)
rCorr  .         Reflect  .     (no gloves)
MR     .....     Harm     .     (no boots)
Stlth  ++........               (no amulet)
                                (no ring)
                                (no ring)

@: no status effects
A: fangs 3, see invisible, unbreathing
a: no special abilities


You were on level 1 of the Dungeon.
You were not thirsty.

You visited 1 branch of the dungeon, and saw 1 of its levels.

You collected 13 gold pieces.


Innate Abilities, Weirdness & Mutations

You have razor-sharp teeth.
You have supernaturally acute eyesight. (SInv)
You can survive without breathing.


   Skills:
 - Level 2.1 Dodging
 - Level 3.0 Stealth
 - Level 2.0 Spellcasting
 + Level 4.4 Summonings


You had 4 spell levels left.
You knew the following spells:

 Your Spells              Type           Power        Failure   Level  Hunger
a - Summon Small Mammal   Summ           ###.         3%          1    #......


Dungeon Overview and Level Annotations

Branches:
Dungeon (1/15)

Altars:

Inventory:

Hand Weapons
 d - a +0 club (weapon)
   (You took it off a hobgoblin on level 1 of the Dungeon)
Armour
 a - a +0 robe (worn)
Potions
 c - 6 potions of blood {@q0}
Books
 b - a book of Callings

#+#....#..##.#.#.## . P♣P.
..............##.. .P♣♣.
..................
.....####.###.g#.#
...............#.#
.....####.####g#.##########
.....# #..##..b...........
.....# ##.##..#(..........
...#.#####.##..#@..........
.........÷.....r.....(.....
...................(.......
#.#############.###########
#.# #.# #.# #.# #.# #.# #.#
$..


You could see a goblin, a friendly quokka and a friendly bat.


Message History

You start resting.
A goblin comes into view. It is wielding a club.
A goblin is nearby!
A goblin is nearby!
You are too injured to fight recklessly!
The goblin unwields an uncursed club.
The goblin wields a hunting sling.
The goblin shoots a stone.
The stone barely misses your bat.
The goblin shoots a stone.
The stone closely misses you.
Your quokka disappears in a puff of smoke!
You start resting.
You swap places.
The goblin shoots a stone.
The stone hits your bat.
Your bat dies!
Your bat's corpse disappears in a puff of smoke!
The goblin shoots a stone.
The stone barely misses your bat. The stone hits you.
* * * LOW HITPOINT WARNING * * *
What are your orders? t - Shout!
Orders for allies: a - Attack new target. r - Retreat! s - Stop attacking. g - Guard the area. f - Follow me.
Anything else - Cancel.
Guard this area!
Your rat barely misses the goblin.
The goblin shoots a stone.
The stone misses you. The stone closely misses your bat.
You swap places.
Your bat closely misses the goblin. x2
Your rat barely misses the goblin.
The goblin shoots a stone.
The stone barely misses your bat. The stone hits you but does no damage.
You see here 2 stones.
Your bat hits the goblin.
Your rat barely misses the goblin.
The goblin shoots a stone.
The stone hits your bat.
Your bat dies!
Your bat's corpse disappears in a puff of smoke!
Your bat hits the goblin.
Your rat bites the goblin.
Your bat closely misses the goblin.
The goblin unwields an uncursed hunting sling.
The goblin wields an uncursed club.
The goblin hits your rat with an uncursed club.
Your rat dies!
Your rat's corpse disappears in a puff of smoke!
The goblin shouts!
Your bat barely misses the goblin.
The goblin unwields an uncursed club.
The goblin wields an uncursed hunting sling.
The goblin shoots a stone.
The stone completely misses you.
Your bat barely misses the goblin.
Your bat closely misses the goblin.
Your bat barely misses the goblin.
The goblin shoots a stone.
The stone closely misses your bat. The stone hits you.
You die...

Vault maps used:
D:1:      minmay_arrival_arboretum_small, roderic_lattice_a

Vanquished Creatures
  A hobgoblin (D:1)
  A bat (D:1)
  A rat (D:1)
3 creatures vanquished.

Vanquished Creatures (collateral kills)
  An ooze (D:1)
  3 bats (D:1)
  A kobold (D:1)
  A rat (D:1)
6 creatures vanquished.

Grand Total: 9 creatures vanquished

Table legend:
 A = Turns spent in this place as a percentage of turns spent in the entire game.
 B = Non-inter-level travel turns spent in this place as a percentage of non-inter-level travel turns spent in the entire game.
 C = Inter-level travel turns spent in this place as a percentage of turns spent in this place.
 D = Turns resting spent in this place as a percentage of non-inter-level travel turns spent in this place.
 E = Turns spent auto-exploring this place as a percentage of non-inter-level travel turns spent in this place.
 F = Non-inter-level travel turns spent in this place divided by the number of levels of this place that you've seen.
                   A       B       C       D       E      F
               +-------+-------+-------+-------+-------+----------------------
         Total | 100.0 | 100.0 |   0.0 |   6.9 |   5.4 | 203.0
       Dungeon | 100.0 | 100.0 |   0.0 |   6.9 |   5.4 | 203.0
               +-------+-------+-------+-------+-------+----------------------

Table legend:
 A = Kills in this place as a percentage of kills in entire the game.
 B = Kills by you in this place as a percentage of kills by you in the entire game.
 C = Kills by friends in this place as a percentage of kills by friends in the entire game.
 D = Other kills in this place as a percentage of other kills in the entire game.
 E = Experience gained in this place as a percentage of experience gained in the entire game.
 F = Experience gained in this place divided by the number of levels of this place that you have seen.
                   A       B       C       D       E      F
               +-------+-------+-------+-------+-------+----------------------
         Total | 100.0 | 100.0 | 100.0 |  -nan | 100.0 |  13.0
       Dungeon | 100.0 | 100.0 | 100.0 |  -nan | 100.0 |  13.0
               +-------+-------+-------+-------+-------+----------------------

Notes
Turn   | Place    | Note
-------+----------+-------------------------------------------
     0 | D:1      | Sixotanaka the Vampire Summoner began the quest for the Orb.
     0 | D:1      | Reached XP level 1. HP: 13/13 MP: 3/3
   341 | D:1      | Reached XP level 2. HP: 6/19 MP: 1/5
   362 | D:1      | HP: 3/19 [goblin/stone (5)]
   374 | D:1      | Shot with a stone by a goblin

Action                   || total
-------------------------++-------
Melee: Unarmed           ||    10
       Club              ||     8
       Bite              ||     1
 Cast: Summon Small Mamm ||    21
 Stab: Sleeping          ||     1
Armor: Robe              ||     7
Dodge: Dodged            ||    22
